 Dungeon Crawl Stone Soup version 0.22-a0-274-gf8199ec (webtiles) character file.

9 Atlas the Skirmisher (level 2, -3/24 HPs)
             Began as a Mummy Fighter on Mar 13, 2018.
             Slain by a kobold
             ... wielding a cursed -3 short sword
              (4 damage)
             ... on level 1 of the Dungeon.
             The game lasted 00:00:40 (370 turns).

Atlas the Skirmisher (Mummy Fighter)                 Turns: 370, Time: 00:00:41

Health: -3/24      AC:  3    Str: 22    XL:     2   Next: 6%
Magic:  2/2        EV:  8    Int:  7    God:
Gold:   18         SH:  9    Dex: 11    Spells: 1/1 levels left

rFire    x . .     SeeInvis .   a - +0 flail
rCold    + . .     Gourm    .   c - +0 shield
rNeg     + + +     Faith    .   d - +0 leather armour (curse)
rPois    ∞         Spirit   .   (no helmet)
rElec    .         Reflect  .   (no cloak)
rCorr    .         Harm     .   (no gloves)
MR       .....                  (no boots)
Stlth    +.........             (no amulet)
HPRegen  0.08/turn              e - +3 ring of strength
MPRegen  0.08/turn              (no ring)

@: no status effects
A: no food or potions, fire vulnerability, cold resistance 1, negative energy
resistance 3, torment resistance, unbreathing
a: no special abilities


You were on level 1 of the Dungeon.
You were not hungry.

You visited 1 branch of the dungeon, and saw 1 of its levels.

You collected 18 gold pieces.

Inventory:

Hand Weapons
 a - a +0 flail (weapon)
Armour
 b - a +0 scale mail
 c - a +0 shield (worn)
 d - a cursed +0 leather armour (worn)
Jewellery
 e - a +3 ring of strength (left hand)


   Skills:
 + Level 3.1 Fighting
 + Level 1.7 Maces & Flails
 + Level 2.6 Armour
 + Level 2.5 Shields


You had one spell level left.
You didn't know any spells.

Dungeon Overview and Level Annotations

Branches:
Dungeon (1/15)

Altars:


Innate Abilities, Weirdness & Mutations

You do not eat or drink.
Your flesh is vulnerable to fire.
You are immune to poison.
Your flesh is cold resistant. (rC+)
You are immune to negative energy. (rN+++)
You are immune to unholy pain and torment.
You can survive without breathing.


Message History

The kobold hits you with a short sword.
* * * LOW HITPOINT WARNING * * *
You hit the kobold but do no damage. The giant cockroach closely misses you.
The kobold hits you but does no damage.
The giant cockroach bites you but does no damage.
You barely miss the kobold. You block the kobold's attack.
The giant cockroach bites you.
* * * LOW HITPOINT WARNING * * *
The kobold hits you with a short sword.
* * * LOW HITPOINT WARNING * * *
You closely miss the kobold.
You block the giant cockroach's attack. x2
The kobold closely misses you.
You barely miss the kobold. The giant cockroach barely misses you.
You block the kobold's attack. The giant cockroach closely misses you.
You closely miss the kobold. The kobold misses you.
You block the giant cockroach's attack. The kobold closely misses you.
You barely miss the kobold. The giant cockroach bites you.
* * * LOW HITPOINT WARNING * * *
You block the giant cockroach's attack. The kobold hits you with a short sword.
You die...

#.........#### ...............
................
............... # .
..............#+###. .##.
....................
...##....# #.sK........
...r.....#####..@........
.............####........
................#...........
...............†............
.................##.......#
.................###......###
............................+
...#####.###...............##.
...........###................


You could see a giant cockroach and a kobold.

Vanquished Creatures
  2 jackals (D:1)
  3 bats (D:1)
  2 frilled lizards (D:1)
  A goblin (D:1)
  2 rats (D:1)
10 creatures vanquished.

Notes
Turn   | Place    | Note
-------+----------+-------------------------------------------
     0 | D:1      | Atlas the Mummy Fighter began the quest for the Orb.
     0 | D:1      | Reached XP level 1. HP: 18/18 MP: 1/1
   340 | D:1      | Reached XP level 2. HP: 11/24 MP: 2/2
   370 | D:1      | HP: 1/24 [giant cockroach (2)]
   370 | D:1      | Slain by a kobold

Vault maps used:
D:1:      dpeg_arrival_tiny_a, serial_bayou_crossing

Action                   || total
-------------------------++-------
Melee: Flail             ||    61
  Use: Scroll            ||     2
Armor: Leather armour    ||    29
       Scale mail        ||    20
Dodge: Dodged            ||    46
Block: Shield            ||    41

Table legend:
 A = Spawn XP
 B = Non-spawn XP
 C = Spawn XP percentage of total XP
 D = Spawn monster count
 E = Non-spawn monster count
 F = Spawn count percentage of total count
 G = Total turns spent on level
                    A         B        C        D         E        F      G
               +---------+---------+-------+---------+---------+-------+---------
         Total |       0 |      14 |   0.0 |       0 |      10 |   0.0 |   370
               +---------+---------+-------+---------+---------+-------+---------
           D:1 |       0 |      14 |   0.0 |       0 |      10 |   0.0 |   370
               +---------+---------+-------+---------+---------+-------+---------
